 Dungeon Crawl Stone Soup version 0.20.0-8-g6b59dc7 (webtiles) character file.

25213 Kosschaser the Carver (level 12, 0/112 HPs)
             Began as a Pale Draconian Abyssal Knight on May 29, 2017.
             Was a High Priest of Lugonu.
             Slain by an elephant (11 damage)
             ... on level 4 of the Lair of Beasts.
             The game lasted 01:06:36 (16921 turns).

Kosschaser the Carver (DrAK)                       Turns: 16921, Time: 01:06:36

Health: 0/112      AC: 12    Str: 15    XL:     12   Next: 87%
Magic:  0/16       EV: 19    Int: 13    God:    Lugonu [*****.]
Gold:   528        SH:  0    Dex: 15    Spells: 15/15 levels left

rFire    + . .     SeeInvis .   I - +1 long sword (slice)
rCold    . . .     Gourm    .   (no shield)
rNeg     . . .     Faith    .   (armour unavailable)
rPois    +         Spirit   +   H - +0 hat
rElec    .         Reflect  .   y - +0 cloak
rCorr    .         Harm     .   (no gloves)
MR       .....                  F - +2 pair of boots
Stlth    ++........             j - amulet of guardian spirit
Regen    0.3/turn               C - ring of fire
MPRegen  0.2/turn               M - ring of poison resistance

@: short of breath
A: breathe steam, unfitting armour, blink, cold resistance 1, cold-blooded, AC
+8
a: Breathe Steam, Blink, Depart the Abyss, Bend Space, Banish, Corrupt, Enter
the Abyss, Renounce Religion


You were on level 4 of the Lair of Beasts.
You worshipped Lugonu.
Lugonu was extremely pleased with you.
You were not hungry.

You visited 2 branches of the dungeon, and saw 17 of its levels.
You visited the Abyss 1 time.

You collected 698 gold pieces.
You spent 170 gold pieces at shops.

Inventory:

Hand Weapons
 I - a +1 long sword of slicing (weapon)
Armour
 y - a +0 cloak (worn)
 F - a +2 pair of boots (worn)
 H - a +0 hat (worn)
Jewellery
 j - an amulet of guardian spirit (around neck)
 C - a ring of fire (left hand)
 M - a ring of poison resistance (right hand)
Wands
 w - a wand of clouds (0/9)
 z - a wand of iceblast (8/15)
 D - a wand of polymorph (9/24)
 E - a wand of digging (19/24)
 J - a wand of confusion (25/48)
Scrolls
 d - 6 scrolls of enchant armour
 g - 3 scrolls of fog
 h - 4 scrolls of enchant weapon
 i - 7 scrolls of remove curse
 m - a scroll of teleportation
 p - a scroll of amnesia
 r - 2 scrolls of fear
 x - a scroll of vulnerability {unknown}
 A - 2 scrolls of blinking
Potions
 e - a potion of resistance
 f - 2 potions of lignification
 l - a potion of heal wounds
 n - 5 potions of curing
 o - 2 potions of brilliance {unknown}
 u - a potion of agility {unknown}
 G - a potion of haste {unknown}
 K - a potion of might {unknown}
Books
 c - a book of Spatial Translocations

   Spells                             Type                      Level
   a - Blink                          Translocation                2
   b - Shroud of Golubria             Charms/Translocation         2
   c - Lesser Beckoning               Translocation                3
   d - Gell's Gravitas                Translocation                3
   e - Teleport Other                 Translocation                3
   f - Passage of Golubria            Translocation                4
 s - a book of Changes

   Spells                             Type                      Level
   a - Beastly Appendage              Transmutation                1
   b - Sticks to Snakes               Transmutation                2
   c - Spider Form                    Transmutation/Poison         3
   d - Ice Form                       Ice/Transmutation            4
   e - Blade Hands                    Transmutation                5
Comestibles
 b - 8 bread rations
 k - 3 royal jellies
 q - 10 meat rations
 B - 7 fruits


   Skills:
 + Level 11.8 Fighting
 + Level 14.4 Long Blades
 + Level 10.1 Dodging
 - Level 1.3 Stealth
 + Level 2.4 Spellcasting
 + Level 6.2 Invocations


You had 15 spell levels left.
You didn't know any spells.

Dungeon Overview and Level Annotations

Branches:
Dungeon (12/15)            Temple (0/1) D:7            Lair (5/6) D:9
  Swamp (0/4) Lair:3       Spider (0/4) Lair:2
  Slime: Lair:5-6       Orc: D:9-12

Altars:
Elyvilon
Hepliaklqana
Nemelex Xobeh

Shops:
D:9 (

Annotations:
Lair:2 exclusion: 2 oklob plants


Innate Abilities, Weirdness & Mutations

You can breathe blasts of scalding, opaque steam.
Your pale cyan-grey scales are hard. (AC +8)
You cannot fit into any form of body armour.
You are cold-blooded and may be slowed by cold attacks.
You can translocate small distances at will.
Your flesh is cold resistant. (rC+)


Message History

The elephant trunk-slaps you but does no damage.
The elephant tramples you.
* * * LOW HITPOINT WARNING * * *
You stumble backwards!
You hit the elephant.
The elephant is heavily wounded.
The elephant is engulfed in a cloud of scalding steam.
You hit the elephant.
The elephant is almost dead.
The elephant tramples you but does no damage.
The elephant trunk-slaps you but does no damage.
You slash the elephant!
You kill the elephant!
Lugonu accepts your kill. The elephant misses you.
The elephant trunk-slaps you.
* * * LOW HITPOINT WARNING * * *
You hit the elephant but do no damage.
The elephant is heavily wounded.
The elephant tramples you!
You die...

##...........[ ##
##.............
#.##...# #........
#......###.F......
#.....#P#........
##...............§ #
#.............#.#.
#.###........._....##.
#....@<.|.........#.##
##...Y†..........####
##..............#
#.....§......####
#.....§......##
.(.....§........##
#...........§.....#
.................###
................#..####


You could see an elephant.

Vanquished Creatures
  Harold (D:10)
  2 hydras (Lair:3)
  A catoblepas (Lair:4)
  3 two-headed ogres (D:9)
  Sonja (Lair:3)
  5 elephants
  An ugly thing (D:12)
  Psyche (D:8)
  Joseph (D:7)
  A centaur skeleton (D:10)
  Maurice (D:8)
  3 spiny frogs
  A rime drake (Lair:1)
  3 komodo dragons
  3 trolls
  Prince Ribbit (D:8)
  A polar bear (Lair:3)
  2 hornets
  9 blink frogs (Lair:4)
  4 hippogriffs
  2 redbacks (Lair:2)
  6 yaks (Lair:1)
  A shadow (D:11)
  A wyvern (Lair:1)
  3 hungry ghosts
  5 water moccasins
  2 ice beasts
  5 porcupines
  Duvessa (D:6)
  5 orc warriors
  3 phantoms
  3 sky beasts
  15 wolves
  9 ogres
  5 centaurs
  7 crocodiles
  A big kobold (D:10)
  12 bullfrogs
  Dowan (D:6)
  4 scorpions
  A water moccasin skeleton (D:6)
  3 wights (D:8)
  10 killer bees
  6 howler monkeys
  A vampire bat (Lair:1)
  2 crimson imps
  8 hounds
  2 bullfrog zombies
  A jelly (D:11)
  3 orc priests
  12 orc wizards
  6 iguanas
  4 worker ants
  A worker ant zombie (D:9)
  3 howler monkey skeletons
  A howler monkey zombie (D:5)
  A gnoll (D:1)
  10 adders
  A shadow imp (D:5)
  2 oozes
  3 adder skeletons
  3 worms
  4 dart slugs
  6 leopard geckos
  24 orcs
  7 giant cockroaches
  12 goblins
  5 hobgoblins
  5 jackals
  4 quokkas
  2 ball pythons
  A ball python zombie (D:5)
  18 bats
  4 frilled lizards
  13 kobolds
  5 rats
  A plant (Lair:3)
331 creatures vanquished.

Vanquished Creatures (others)
  A hydra (Lair:3)
  A sky beast (D:10)
  12 fungi
  2 plants (Lair:3)
16 creatures vanquished.

Grand Total: 347 creatures vanquished

Notes
Turn   | Place    | Note
-------+----------+-------------------------------------------
     0 | Abyss:1  | Kosschaser the Draconian Abyssal Knight began the quest for the Orb.
     0 | Abyss:1  | Reached XP level 1. HP: 19/19 MP: 2/2
    31 | Abyss:1  | Noticed a small abomination
    32 | D:1      | Escaped the Abyss
    35 | D:1      | Noticed a merfolk
    35 | D:1      | Noticed a human
    37 | D:1      | Noticed a naga
    37 | D:1      | Noticed a halfling
    39 | D:1      | Noticed a demonspawn
    41 | D:1      | Noticed a dwarf
    41 | D:1      | Noticed a minotaur
    43 | D:1      | Noticed an octopode
    43 | D:1      | Noticed a spriggan
    45 | D:1      | Noticed a gargoyle
    45 | D:1      | Noticed a formicid
    47 | D:1      | Noticed a draconian
    47 | D:1      | Noticed a centaur
    49 | D:1      | Noticed a troll
    49 | D:1      | Noticed an elf
    51 | D:1      | Noticed a vampire
    53 | D:1      | Noticed a ghoul
    55 | D:1      | Noticed a vine stalker
    57 | D:1      | Noticed a tengu
    57 | D:1      | Noticed a felid
    59 | D:1      | Noticed an ogre
    59 | D:1      | Noticed a demigod
    78 | D:1      | Reached * piety under Lugonu
   374 | D:1      | Reached XP level 2. HP: 26/26 MP: 3/3
   761 | D:1      | Reached XP level 3. HP: 33/33 MP: 4/4
  1078 | D:2      | Reached skill level 1 in Stealth
  1245 | D:2      | Reached ** piety under Lugonu
  1370 | D:2      | You fall through a shaft!
  1715 | D:2      | Reached XP level 4. HP: 40/40 MP: 5/5
  1842 | D:2      | Reached skill level 3 in Long Blades
  3199 | D:4      | Reached XP level 5. HP: 46/46 MP: 6/6
  3251 | D:4      | Gained mutation: Your flesh is cold resistant. (rC+) [potion of mutation]
  3251 | D:4      | Gained mutation: You evolve. [potion of mutation]
  3251 | D:4      | Gained mutation: You can translocate small distances at will. [potion of mutation]
  3675 | D:4      | Reached skill level 4 in Long Blades
  4063 | D:5      | Entered Level 5 of the Dungeon
  4067 | D:5      | Noticed a phantom
  4201 | D:4      | Reached XP level 6. HP: 44/53 MP: 5/7
  4650 | D:5      | Lost mutation: You evolve. [end of evolution]
  4714 | D:5      | Reached skill level 5 in Long Blades
  4752 | D:5      | Reached skill level 5 in Fighting
  4752 | D:5      | Your scales start taking on a pale cyan-grey colour.
  4752 | D:5      | Reached XP level 7. HP: 28/61 MP: 6/8
  4965 | D:5      | Found a sparkling altar of Nemelex Xobeh.
  4977 | D:5      | Reached *** piety under Lugonu
  5117 | D:5      | Reached skill level 6 in Long Blades
  5219 | D:5      | You fall through a shaft for 2 floors!
  5237 | D:7      | Found a hazy altar of Hepliaklqana.
  5329 | D:7      | Found a staircase to the Ecumenical Temple.
  5471 | D:6      | Reached skill level 7 in Long Blades
  5471 | D:6      | Reached XP level 8. HP: 62/70 MP: 9/9
  5936 | D:6      | Noticed Duvessa
  5936 | D:6      | Noticed Dowan
  5946 | D:6      | Killed Duvessa
  5960 | D:6      | Killed Dowan
  6027 | D:6      | Reached skill level 8 in Long Blades
  6160 | D:6      | Reached skill level 5 in Dodging
  6542 | D:7      | Noticed an eight-headed hydra
  6602 | D:7      | Noticed Joseph
  6715 | D:7      | Killed Joseph
  6715 | D:7      | Reached skill level 9 in Long Blades
  6715 | D:7      | Reached XP level 9. HP: 44/78 MP: 7/10
  7295 | D:8      | Noticed Maurice
  7301 | D:8      | Noticed Psyche
  7490 | D:8      | Killed Maurice
  7490 | D:8      | Reached skill level 10 in Long Blades
  7582 | D:8      | Noticed Prince Ribbit
  7599 | D:8      | Killed Prince Ribbit
  7762 | D:8      | Killed Psyche
  7762 | D:8      | Reached skill level 1 in Spellcasting
  8246 | D:8      | Upgraded the game from 0.20.0-7-g3b7b877 to 0.20.0-8-g6b59dc7
  8474 | D:8      | Reached **** piety under Lugonu
  8586 | D:9      | Noticed a two-headed ogre
  8594 | D:9      | Killed a two-headed ogre
  8594 | D:9      | Reached XP level 10. HP: 58/88 MP: 7/13
  8775 | D:9      | Noticed a two-headed ogre
  8795 | D:9      | Killed a two-headed ogre
  8795 | D:9      | Reached skill level 11 in Long Blades
  9072 | D:9      | Noticed a two-headed ogre
  9136 | D:9      | Killed a two-headed ogre
  9533 | D:9      | Found Magriz's Weapon Boutique.
  9563 | D:9      | Bought a +1 long sword of slicing for 170 gold pieces
  9575 | D:9      | Found a staircase to the Lair.
  9772 | D:10     | Entered Level 10 of the Dungeon
  9947 | D:10     | Noticed Harold
  9976 | D:10     | Killed Harold
  9976 | D:10     | Reached skill level 12 in Long Blades
 10268 | D:10     | Paralysed by fainting for 8 turns
 10282 | D:10     | Reached XP level 11. HP: 84/97 MP: 14/14
 11275 | D:11     | Reached ***** piety under Lugonu
 11322 | D:11     | Noticed a five-headed hydra
 11323 | D:11     | Noticed a red ugly thing
 11881 | D:12     | Noticed a six-headed hydra
 11941 | D:12     | Noticed a white ugly thing
 11949 | D:12     | Killed a white ugly thing
 12846 | Lair:1   | Entered Level 1 of the Lair of Beasts
 13014 | Lair:1   | Reached skill level 13 in Long Blades
 13287 | Lair:1   | Reached skill level 10 in Fighting
 13292 | Lair:1   | Reached skill level 5 in Invocations
 13804 | Lair:2   | Found a hole to the Spider Nest.
 14196 | Lair:2   | Noticed an oklob plant
 14233 | Lair:2   | Noticed an oklob plant
 14502 | Lair:3   | Noticed Sonja
 14511 | Lair:3   | Killed Sonja
 14511 | Lair:3   | Reached XP level 12. HP: 81/107 MP: 12/15
 14884 | Lair:3   | Found a staircase to the Swamp.
 14888 | Lair:3   | Noticed a five-headed hydra
 15014 | Lair:3   | Noticed a five-headed hydra
 15030 | Lair:3   | Killed a six-headed hydra
 15374 | Lair:3   | Killed a seven-headed hydra
 15491 | Lair:3   | Reached skill level 14 in Long Blades
 15682 | Lair:3   | Noticed a five-headed hydra
 15708 | Lair:3   | Banished a seven-headed hydra
 15917 | Lair:4   | Found a white marble altar of Elyvilon.
 16051 | Lair:4   | Noticed a catoblepas
 16447 | Lair:4   | Killed a catoblepas
 16766 | Lair:5   | Reached skill level 10 in Dodging
 16921 | Lair:4   | Slain by an elephant

Skill      XL: |  1  2  3  4  5  6  7  8  9 10 11 12 |
---------------+-------------------------------------+-----
Fighting       | 4 5 6 7 9 10 11 | 11.8
Stealth        | 1 |  1.3
Long Blades    | 3 4 5 7 9 10 12 13 14 | 14.4
Dodging        | 3 4 5 6 7 9 10 | 10.1
Spellcasting   | 2 |  2.4
Invocations    | 5 6 |  6.2

Action                   |  1- 3 |  4- 6 |  7- 9 | 10-12 || total
-------------------------+-------+-------+-------+-------++-------
Melee: Falchion          |   103 |   224 |   210 |    59 ||   596
       Tailslap          |    14 |    17 |    25 |   113 ||   169
       Long sword        |       |       |       |   612 ||   612
Invok: Depart the Abyss  |     1 |       |       |       ||     1
       Banish            |       |       |       |     4 ||     4
       Bend Space        |       |       |       |     2 ||     2
 Abil: Breathe Steam     |       |       |    32 |    79 ||   111
Evoke: Wand              |       |       |       |     2 ||     2
  Use: Potion            |       |     3 |       |     6 ||     9
       Scroll            |       |       |    12 |     4 ||    16
 Stab: Sleeping          |     1 |     2 |     1 |     5 ||     9
       Confused          |       |       |       |     2 ||     2
  Eat: Chunk             |     2 |    10 |    16 |    31 ||    59
       Meat ration       |       |       |       |     2 ||     2
Armor: Skin              |    22 |    69 |    53 |   194 ||   338
Dodge: Dodged            |    71 |   146 |   126 |   577 ||   920
       Rpst.: Falchion   |    21 |    48 |    37 |    14 ||   120
       Long sword        |       |       |       |   144 ||   144
